 Dungeon Crawl Stone Soup version 0.30.0-29-ga12c61a403 (webtiles) character file.

Game seed: 4452822957201056964

1568 LynnLen the Covert (level 8, 0/35 (36) HPs)
             Began as a Spriggan Enchanter on June 15, 2023.
             Was a Believer of Nemelex Xobeh.
             Slain by a wight
             ... wielding a +0 halberd
              (12 damage)
             ... on level 7 of the Dungeon.
             The game lasted 00:14:36 (5807 turns).

LynnLen the Covert (Spriggan Enchanter)             Turns: 5807, Time: 00:14:37

HP:   0/35 (36)     AC:  6    Str:  4    XL:     8   Next: 59%
MP:   10/18         EV: 17    Int: 19    God:    Nemelex Xobeh [**....]
Gold: 24            SH:  0    Dex: 15    Spells: 2/19 levels left

rFire   . . .        g - +2 dagger (drain)
rCold   . . .        (no shield)
rNeg    . . .        b - +1 robe
rPois   +            (helmet restricted)
rElec   .            j - +2 cloak of Sivve {Will+}
rCorr   .            (gloves unavailable)
SInv    +            (boots unavailable)
Will    ++...        (no amulet)
Stlth   ++++++       h - ring of wizardry
HPRegen 0.25/turn    z - ring of Poik {rPois Stlth+}
MPRegen 0.16/turn

%: wizardry (x1)
@: lightly drained, very quick
A: very small, no large weapons, unfitting armour, see invisible, speed 3
a: Renounce Religion, Draw Escape, Draw Destruction, Draw Summoning


You were on level 7 of the Dungeon.
You worshipped Nemelex Xobeh.
Nemelex Xobeh was pleased with you.
You visited 1 branch of the dungeon, and saw 7 of its levels.

You collected 425 gold pieces.
You spent 401 gold pieces at shops.

Inventory:

Hand Weapons
 g - a +2 dagger of draining (weapon)
Missiles
 u - 10 poisoned darts (quivered)
Armour
 b - a +1 robe (worn)
 j - the +2 cloak of Sivve (worn) {Will+}
   (You found it on level 3 of the Dungeon)

   Will:      It increases your willpower.
Jewellery
 h - a ring of wizardry (left hand)
 v - a ring of ice
 w - a +6 ring of dexterity
 z - the ring of Poik (right hand) {rPois Stlth+}
   (You bought it in a shop on level 6 of the Dungeon)

   [ring of poison resistance]

   rPois:     It protects you from poison.
   Stlth:     It makes you more stealthy.
Scrolls
 f - a scroll of torment
 k - a scroll of immolation
 n - a scroll of fear
 o - a scroll of vulnerability
 r - 3 scrolls of enchant armour
Potions
 a - 3 potions of heal wounds
 c - 2 potions of invisibility
 d - 4 potions of curing
 e - 4 potions of attraction
 i - 2 potions of ambrosia
 l - 2 potions of flight {unknown}
 m - a potion of cancellation {unknown}
 q - a potion of resistance {unknown}
 s - 2 potions of berserk rage {unknown}
 t - 2 potions of brilliance {unknown}
 x - 2 potions of lignification {unknown}


   Skills:
 - Level 1.1 Short Blades
 - Level 2.6 Dodging
 + Level 11.9 Stealth
 + Level 6.4 Spellcasting
 * Level 1.3 Conjurations
 + Level 7.0 Hexes
 * Level 1.6 Air Magic
 * Level 2.2 Invocations


You had 2 spell levels left.
You knew the following spells:

 Your Spells              Type           Power      Damage    Failure   Level
a - Ensorcelled Hibernat  Hex/Ice        38%        N/A       1%          2
b - Confusing Touch       Hex            32%        N/A       1%          3
c - Tukima's Dance        Hex            32%        N/A       1%          3
d - Silence               Hex/Air        11%        N/A       21%         5
e - Fulminant Prism       Conj/Hex       11%        3d9       8%          4

Your spell library contained the following spells:

 Spells                   Type           Power      Damage    Failure   Level
 Magic Dart               Conj           44%        1d5       2%          1
 Apportation              Tloc           12%        N/A       4%          1
 Necrotise                Necr           24%        1d5       4%          1
 Summon Small Mammal      Summ           24%        N/A       4%          1
 Searing Ray              Conj           22%        2d5       4%          2
 Passwall                 Tmut/Erth      5%         N/A       6%          2
 Dazzling Flash           Conj/Hex       44%        N/A       2%          3
 Swiftness                Air            12%        N/A       6%          3
 Yara's Violent Unravell  Hex/Tmut       9%         3d6       26%         5
 Passage of Golubria      Tloc           6%         N/A       38%         4
 Agony                    Necr           6%         N/A       71%         5


Dungeon Overview and Level Annotations

Branches:
Dungeon (7/15)             Temple (0/1) D:6

Altars:
Ashenzari
Cheibriados
Fedhas
Hepliaklqana
Nemelex Xobeh
Qazlal
Uskayaw

Shops:
D:1 ?   D:3 [   D:6 =


Innate Abilities, Weirdness & Mutations

You are very small and have problems with some larger weapons.
You are too small for most types of armour.
You have supernaturally acute eyesight. (SInv)
You cover ground extremely quickly. (Speed+++)


Message History

Casting: Ensorcelled Hibernation (safe; 1% risk of failure)
Confirm with . or Enter, or press ? or * to list all spells.
Aiming: Tukima's Dance (safe; 1% risk of failure)
Press: ? - help, Shift-Dir - straight line, f - wight
Aim: a wight, wielding a +5 war axe and wearing a +0 robe (lightly damaged, chance to affect: 62%)
The wight resists with significant effort.
A wight comes into view. It is wielding a +0 halberd.
Casting: Tukima's Dance (safe; 1% risk of failure)
Confirm with . or Enter, or press ? or * to list all spells.
Aiming: Tukima's Dance (safe; 1% risk of failure)
Press: ? - help, Shift-Dir - straight line, f/p - wight
Aim: a wight, wielding a +5 war axe and wearing a +0 robe (lightly damaged, chance to affect: 62%)
The +5 war axe dances into the air!
The wight hits your +5 war axe with a +0 halberd!
Your +5 war axe falls from the air.
Casting: Tukima's Dance (safe; 1% risk of failure)
Confirm with . or Enter, or press ? or * to list all spells.
You don't know that spell.
Casting: Tukima's Dance (safe; 1% risk of failure)
Confirm with . or Enter, or press ? or * to list all spells.
Your hands begin to glow red.
The wight completely misses you.
You hit the wight but do no damage.
The wight is lightly damaged.
The wight completely misses you.
You hit the wight but do no damage.
The wight is lightly damaged.
You hit the wight but do no damage.
The wight appears confused.
The wight is lightly damaged.
The wight closely misses you. x2
You hit the wight.
The wight is moderately damaged.
The wight hits you from afar with a +0 halberd.
The wight closely misses the wight.
You catch the helpless wight completely off-guard!
You impale the wight!!
You destroy the wight!
The wight hits you from afar with a +0 halberd!
You die...
Your body glows slightly and disappears.

#.#########.#.####.#.#
#.# #.#... #.# #.#
#.##### #b# #.# #.#
#.# #.# #)# #.# #.#
#z# #.# #.# #z# #.#
#.# #[# #.# #.#
#@########.## #.#
#...........# #<#
#.########### ### ###


You could see 2 wights.

Vanquished Creatures
  2 water moccasins (D:6)
  An ice beast (D:5)
  2 ogres (D:6)
  A centaur (D:6)
  A phantom (D:6)
  A kobold brigand (D:5)
  A bullfrog (D:6)
  2 scorpions
  A wight (D:7)
  A howler monkey (D:5)
  2 hounds
  7 iguanas
  A sleepcap (D:5)
  Natasha (twice) (D:4)
  4 orc wizards
  7 gnolls
  8 adders
  A shadow imp (D:5)
  A dart slug (D:3)
  10 orcs
  2 bats (D:3)
  5 endoplasms
  2 giant cockroaches (D:3)
  6 goblins
  8 hobgoblins
  5 jackals
  3 kobolds
  2 quokkas
  8 ball pythons
  3 frilled lizards
  5 rats
105 creatures vanquished.

Vanquished Creatures (collateral kills)
  A gnoll (D:4)
1 creature vanquished.

Vanquished Creatures (others)
  2 dancing weapons
2 creatures vanquished.

Grand Total: 108 creatures vanquished

Notes
Turn   | Place    | Note
-------+----------+-------------------------------------------
     0 | D:1      | LynnLen the Spriggan Enchanter began the quest for the Orb.
     0 | D:1      | Reached XP level 1. HP: 9/9 MP: 5/5
    59 | D:1      | Found a faded altar of an unknown god.
   213 | D:1      | Reached XP level 2. HP: 13/13 MP: 6/6
   216 | D:1      | Learned a level 2 spell: Ensorcelled Hibernation
   248 | D:1      | Reached skill level 5 in Stealth
   256 | D:1      | Found Naecedgh's Magic Scroll Shop.
  1078 | D:2      | Reached XP level 3. HP: 16/16 MP: 8/8
  1082 | D:2      | Learned a level 3 spell: Confusing Touch
  1086 | D:2      | Learned a level 3 spell: Tukima's Dance
  1235 | D:2      | Found a sparkling altar of Nemelex Xobeh.
  1253 | D:2      | Became a worshipper of Nemelex Xobeh the Trickster
  1807 | D:1      | Bought a scroll of identify for 22 gold pieces
  1807 | D:1      | Bought a scroll of identify for 22 gold pieces
  1918 | D:3      | Found a blossoming altar of Fedhas.
  1984 | D:3      | Identified the +2 cloak of Sivve {Will+}
  2003 | D:3      | Reached skill level 6 in Stealth
  2003 | D:3      | Reached XP level 4. HP: 16/21 MP: 2/10
  2173 | D:3      | Found a stormy altar of Qazlal.
  2229 | D:3      | Reached skill level 5 in Hexes
  2550 | D:3      | Reached XP level 5. HP: 24/24 MP: 8/11
  2583 | D:3      | Reached skill level 7 in Stealth
  2589 | D:3      | Found a hide-covered altar of Uskayaw.
  2719 | D:3      | Found Tineugyr's Armour Emporium.
  2777 | D:3      | Reached * piety under Nemelex Xobeh
  2859 | D:4      | Identified the +2 plate armour of Autumn {+Blink rC+}
  2986 | D:4      | Noticed Natasha
  3236 | D:4      | Found a hazy altar of Hepliaklqana.
  3380 | D:4      | Found a broken altar of Ashenzari.
  3400 | D:4      | Reached skill level 8 in Stealth
  3439 | D:4      | Received a gift from Nemelex Xobeh
  3466 | D:4      | Killed Natasha
  3467 | D:4      | Reached XP level 6. HP: 17/28 MP: 11/13
  3846 | D:4      | Noticed Natasha
  3854 | D:4      | Killed Natasha
  3905 | D:5      | Entered Level 5 of the Dungeon
  4150 | D:5      | Reached ** piety under Nemelex Xobeh
  4158 | D:5      | Reached skill level 9 in Stealth
  4199 | D:5      | Found a snail-covered altar of Cheibriados.
  4219 | D:5      | Received a gift from Nemelex Xobeh
  4415 | D:5      | Reached XP level 7. HP: 32/32 MP: 8/15
  4595 | D:5      | Reached skill level 10 in Stealth
  4595 | D:5      | Reached skill level 5 in Spellcasting
  4832 | D:6      | Found Atoboug's Jewellery Shop.
  4887 | D:6      | Found a staircase to the Ecumenical Temple.
  4934 | D:6      | Learned a level 5 spell: Silence
  4939 | D:6      | Learned a level 4 spell: Fulminant Prism
  4957 | D:6      | Reached skill level 11 in Stealth
  4997 | D:6      | Reached skill level 1 in Invocations
  4997 | D:6      | Reached XP level 8. HP: 36/36 MP: 12/17
  5200 | D:6      | Received a gift from Nemelex Xobeh
  5217 | D:6      | Reached skill level 1 in Air Magic
  5236 | D:6      | Reached skill level 1 in Conjurations
  5600 | D:6      | Bought the ring of Poik {rPois Stlth+} for 357 gold pieces
  5807 | D:7      | Slain by a wight

Illustrated notes

Levels and vault maps discovered:
D:1:      evilmike_arrival_grusome_pit, layout_loops_corners,
          hellmonk_ecumenical_altar_lost_god, serial_shops,
          nicolae_shop_tiny_waterfront
D:2:      layout_rooms, basic_altar
D:3:      layout_loops_ring, old_standard_altar, fedhas_altar_1,
          lemuel_doored_altar, serial_shops, shop, minmay_surrounded
D:4:      layout_cave_pods, old_standard_altar, ashenzari_altar_1, uniq_natasha
D:5:      minmay_angry_zag, layout_rooms, mainiacjoe_overflow_boulevard,
          serial_curves, eino_curves_01, eino_curves_01,
          kennysheep_generic_room_5
D:6:      layout_rooms, minmay_temple_entry_statues_fountains, st_stairs_12,
          nicolae_inconvenience_store, serial_bayou_pond_e
D:7:      layout_basic, mainiacjoe_overflow_catwalk, serial_undead,
          serial_undead_f, serial_undead_e, serial_undead_d, serial_undead_b,
          serial_undead_b, serial_undead_f, serial_undead_b, serial_undead_a,
          enter_ossuary_1

Skill      XL: |  1  2  3  4  5  6  7  8 |
---------------+-------------------------+-----
Hexes          | 4 5 6 7 |  7.0
Stealth        | 5 6 8 9 11 | 11.9
Spellcasting   | 3 4 5 6 |  6.4
Invocations    | 1 2 |  2.2
Air Magic      | 1 |  1.6
Conjurations   | 1 |  1.3
Short Blades   | |  1.1
Dodging        | |  2.6

Action                     |  1- 3 |  4- 6 |  7- 9 || total
---------------------------+-------+-------+-------++-------
  Melee: Dagger            |    77 |   127 |    65 ||   269
         Punch             |       |     1 |     1 ||     2
   Cast: Ensorcelled Hiber |     3 |    14 |    19 ||    36
         Tukima's Dance    |       |     2 |     7 ||     9
         Confusing Touch   |       |     1 |     4 ||     5
    Use: Scroll            |     6 |     4 |     3 ||    13
         Potion            |       |       |     1 ||     1
   Stab: Sleeping          |     7 |    20 |    18 ||    45
         Distracted        |     1 |       |       ||     1
         Confused          |       |     1 |     5 ||     6
 Armour: Robe              |    11 |    17 |     4 ||    32
  Dodge: Dodged            |    45 |    88 |    50 ||   183
